 Dungeon Crawl Stone Soup version 0.31-a0-1059-g83d41fd (webtiles) character file.

Game seed: 10932039771361518951

2 PurpleRed the Sneak (level 1, 0/19 HPs)
             Began as a Meteoran Delver on Nov 21, 2023.
             Slain by an orc
             ... wielding a +0 whip
              (5 damage)
             ... on level 5 of the Dungeon.
             The game lasted 00:01:11 (129 turns).

PurpleRed the Sneak (Meteoran Delver)                Turns: 129, Time: 00:01:12

Health: 0/19       AC:  3    Str: 13    XL:     1   Next: 42%
Magic:  2/2        EV: 12    Int: 11    God:
Gold:   0          SH:  0    Dex: 15    Spells: 0/0 levels left

rFire   . . .        a - +0 hand axe
rCold   . . .        (no shield)
rNeg    . . .        b - +0 leather armour
rPois   .            (no helmet)
rElec   .            (no cloak)
rCorr   .            (no gloves)
SInv    .            (no boots)
Will    .....        (no amulet)
Stlth   +            (no ring)
HPRegen 0.23/turn    (no ring)
MPRegen 0.08/turn

%: no passive effects
@: glowing
A: sense surroundings 1, otherworldly, glowing, explore regen
a: no special abilities


You were on level 5 of the Dungeon.
You visited 1 branch of the dungeon, and saw 2 of its levels.

Inventory:

Hand Weapons
 a - a +0 hand axe (weapon)
Armour
 b - a +0 leather armour (worn)
Wands
 g - a wand of digging (3)
Scrolls
 c - a scroll of fog
 d - a scroll of revelation
 e - a scroll of fear
Potions
 f - 2 potions of haste


   Skills:
 + Level 3.3 Fighting
 * Level 2.6 Axes
 - Level 2.1 Dodging
 - Level 3.7 Stealth


You couldn't memorise any spells.
You didn't know any spells.
Your spell library was empty.

Dungeon Overview and Level Annotations

Branches:
Dungeon (6/15) Zot: 1068
 Temple: D:4-7

Altars:


Innate Abilities, Weirdness & Mutations

You passively map a small area around you.
You are easily found by Zot.
You glow in the dark.
You regain HP and MP as you explore.


Message History

Are you destined to find the terrific Orb of Zot, or to die trying?
Press ? for a list of commands and other information.
Found a stone staircase leading down.
You climb downwards.
There is a stone staircase leading up here.
Found a potion of haste.
f - 2 potions of haste (gained 1)
There is a stone staircase leading up here.
You climb upwards.
There is a stone staircase leading down here.
You open the door.
A water moccasin comes into view.
Found a pair of boots.
You close the door.
Found 4 large rocks.
An orc comes into view. It is wielding a +0 hand axe.
The orc shouts!
An orc comes into view. It is wielding a +0 dagger.
You barely miss the orc. The orc barely misses you.
You hit the orc.
The orc is heavily wounded.
The orc hits you with a +0 hand axe.
You hit the orc.
You kill the orc!
Things that are here:
a +0 hand axe; an orc corpse You start waiting.
HP restored.
An orc comes into view. It is wielding a +0 whip.
The orc shouts!
You hear a shout!
You hear an angry hiss.
You barely miss the orc. The orc hits you with a +0 whip.
The orc hits you but does no damage.
You closely miss the orc. The orc closely misses you.
You barely miss the orc. The orc hits you with a +0 whip.
You hit the orc but do no damage. The orc hits you with a +0 whip.
* * * LOW HITPOINT WARNING * * *
You hit the orc.
The orc is almost dead.
You closely miss the orc. The orc hits you with a +0 whip.
You die...

#o###### ≈≈..
#.≈≈≈≈≈#.## * ≈≈.#
#..≈≈≈≈# ..., ~≈..# ,
#.≈≈≈≈#, ..# ≈..#*
#.##..≈≈≈### #.##...#
.......≈≈≈≈####...#.#*
# , *
#...≈≈≈≈≈...##.##.#
#.#.o.......).....# ,
#...o@...#####.####
#'#########......# ,
##.#.###.# #.###.# .#
, , ,** #.#.###.#
#.........####.......#
, ,
+.........+..(....####
, * .S.....[.####...##
* .......#........#


You could see 2 orcs.

Vanquished Creatures
  An orc (D:5)
1 creature vanquished.

Notes
Turn   | Place    | Note
-------+----------+-------------------------------------------
     0 | D:5      | PurpleRed the Meteoran Delver began the quest for the Orb.
     0 | D:5      | Reached XP level 1. HP: 19/19 MP: 2/2
    39 | D:5      | Noticed a water moccasin
   129 | D:5      | Slain by an orc

Illustrated notes

Levels and vault maps discovered:
D:5:      layout_loops_corners, grunt_decor_junction, minivault_14,
          roderic_roman_lattice, uniq_duvessa
D:6:      layout_loops_ring, mainiacjoe_overflow_large_starburst,
          ebering_ghost_rock_garden, serial_shops, nicolae_shop_back_alley_shop,
          nicolae_titane

Action                     || total
---------------------------++-------
  Melee: Hand axe          ||     8
 Armour: Leather armour    ||     6
  Dodge: Dodged            ||     2

Table legend: (Time is in decaauts)
 A = Elapsed time spent in this place.
 B = Non-inter-level travel time spent in this place.
 C = Inter-level travel time spent in this place.
 D = Time resting spent in this place.
 E = Time spent auto-exploring this place.
 F = Levels seen in this place.
 G = Mean time per level.
                   A        B        C        D        E       F      G
               +--------+--------+--------+--------+--------+-----+--------+
         Total |    130 |    130 |      0 |     11 |      0 |   2 |   65.0 |
       Dungeon |    130 |    130 |      0 |     11 |      0 |   2 |   65.0 |
               +--------+--------+--------+--------+--------+-----+--------+

Top non-repeatable levels by time:
     D:5: 101 daAuts
     D:6: 28 daAuts
